 Dungeon Crawl Stone Soup version 0.18-b1-16-g289874d (webtiles) character file.

59 otab the Shield-Bearer (level 3, -2/34 HPs)
             Began as a Deep Dwarf Fighter on May 1, 2016.
             Was an Initiate of Okawaru.
             Shot with an arrow by a centaur (5 damage)
             ... on level 5 of the Dungeon.
             The game lasted 00:02:35 (474 turns).

otab the Shield-Bearer (Deep Dwarf Fighter)          Turns: 474, Time: 00:02:36

Health: -2/34      AC:  7    Str: 20    XL:     3   Next: 78%
Magic:  12/12      EV:  2    Int:  8    God:    Okawaru [......]
Gold:   19         SH:  9    Dex: 12    Spells: 0 memorised, 2 levels left

rFire  . . .     SeeInvis .     a - +0 long sword
rCold  . . .     Gourm    .     b - +0 scale mail
rNeg   . . .     Faith    .     c - +0 shield
rPois  .         Spirit   .     (no helmet)
rElec  .         Dismiss  .     (no cloak)
rCorr  .         Reflect  .     (no gloves)
SustAt .         Harm     .     (no boots)
MR     .....                    (no amulet)
Stlth  ..........               (no ring)
                                i - ring of magical power

@: non-regenerating, not resistant to hostile enchantments, extremely unstealthy
A: damage resistance, recharge devices, sense surroundings 1, slow regeneration
3
a: Device Recharging, Renounce Religion


You were on level 5 of the Dungeon.
You worshipped Okawaru.
Okawaru was noncommittal.
You were not hungry.

You visited 1 branch of the dungeon, and saw 5 of its levels.

You collected 19 gold pieces.

Inventory:

Hand Weapons
 a - a +0 long sword (weapon)
Armour
 b - a +0 scale mail (worn)
 c - a +0 shield (worn)
Jewellery
 i - a ring of magical power (left hand)
Wands
 e - a wand of heal wounds (5/9)
Scrolls
 h - 2 scrolls of identify {unknown}
 j - a scroll of recharging {unknown}
 k - a scroll of remove curse {unknown}
Potions
 d - a potion of might
 g - a potion of berserk rage {unknown}
 l - a potion of ambrosia {unknown}
Comestibles
 f - a bread ration


   Skills:
 + Level 3.1 Fighting
 + Level 2.4 Long Blades
 + Level 3.8 Armour
 + Level 0.9 Dodging
 + Level 4.0 Shields


You had 2 spell levels left.
You didn't know any spells.

Dungeon Overview and Level Annotations

Branches:
Dungeon (5/15)
 Temple: D:4-7

Altars:
Gozag
Okawaru


Innate Abilities, Weirdness & Mutations

You are resistant to damage.
You can recharge devices by infusing magical energy.
You passively map a small area around you.
You do not regenerate naturally.


Message History

Found 12 arrows.
An orc comes into view.
A centaur comes into view.
The centaur shouts!
The centaur wields a shortbow.
The centaur shoots an arrow.
The arrow hits you!
You see here an arrow.
The centaur shoots an arrow.
You block the arrow.
You see here an arrow.
The centaur shoots an arrow.
You block the arrow.
Things that are here:
an arrow; a pink potion An orc wizard comes into view.
It is wielding a dagger.
The centaur shoots an arrow.
The arrow hits you!
* * * LOW HITPOINT WARNING * * *
The orc wizard shouts!
The orc wizard casts a spell.
The orc wizard seems to speed up.
There is a stone staircase leading down here.
The centaur shoots an arrow.
The arrow hits you!
You die...

, ,, , ...###. , *
* ..#.... ,
....... , .+ , , ,
*.......* .# *
.......###.##+##
.......(........ ,
..............##
.......@.c......
**
.........o...... ,
,
.......o##......*
* *
......#((...o)# ,
* ......#(###...#
* *
................
,,......#<###...#.
, ......#.# , .# ,
,..... ... , *


You could see a centaur, 2 orc wizards and an orc.

Vanquished Creatures
  An iguana (D:4)
  A worker ant (D:4)
  A giant gecko (D:1)
  A bat (D:2)
  A giant cockroach (D:1)
  2 hobgoblins
  A goblin (D:1)
  2 kobolds
  A rat (D:1)
11 creatures vanquished.

Notes
Turn   | Place    | Note
--------------------------------------------------------------
     0 | D:1      | otab the Deep Dwarf Fighter began the quest for the Orb.
     0 | D:1      | Reached XP level 1. HP: 20/20 MP: 1/1
    27 | D:1      | Found an iron altar of Okawaru.
    71 | D:1      | Became a worshipper of Warmaster Okawaru
   113 | D:2      | Reached XP level 2. HP: 25/27 MP: 2/2
   225 | D:4      | Reached XP level 3. HP: 29/34 MP: 3/3
   237 | D:4      | Found an opulent altar of Gozag.
   401 | D:4      | Reached skill level 4 in Shields
   466 | D:5      | Entered Level 5 of the Dungeon
   468 | D:5      | Noticed a centaur
   474 | D:5      | Shot with an arrow by a centaur

Skill      XL: |  1  2  3 |
---------------+----------+-----
Fighting       | 3 |  3.1
Shields        | 4 |  4.0
Long Blades    | |  2.4
Armour         | |  3.8
Dodging        | |  0.9

Action                   || total
-------------------------++-------
Melee: Long sword        ||    43
Armor: Scale mail        ||    19
Dodge: Dodged            ||    12
Block: Shield            ||    22
